 Dungeon Crawl Stone Soup version 0.30.1-4-g462c640d31 (webtiles) character file.

Game seed: 17286014228047708741

460 Powssss the Trooper (level 6, -12/57 HPs)
             Began as a Minotaur Berserker on Aug 25, 2023.
             Was a Priest of Trog.
             Killed by divine providence
             ... invoked by an orc priest
              (15 damage)
             ... on level 4 of the Dungeon.
             The game lasted 00:09:45 (3012 turns).

Powssss the Trooper (Minotaur Berserker)            Turns: 3012, Time: 00:09:46

Health: -12/57     AC: 11    Str: 24    XL:     6   Next: 78%
Magic:  5/5        EV:  9    Int:  4    God:    Trog [***...]
Gold:   164        SH:  0    Dex:  9    Spells: 5/5 levels left

rFire   . . .        k - +0 war axe
rCold   . . .        (no shield)
rNeg    . . .        n - +0 chain mail
rPois   +            (helmet restricted)
rElec   .            (no cloak)
rCorr   .            p - +0 pair of gloves
SInv    .            (no boots)
Will    .....        (no amulet) Stlth
                     d - ring of poison resistance
HPRegen 0.29/turn    (no ring)
MPRegen 0.09/turn

%: no passive effects
@: no status effects
A: horns 2, retaliatory headbutt
a: Renounce Religion, Berserk, Trog's Hand


You were on level 4 of the Dungeon.
You worshipped Trog.
Trog was most pleased with you.
You visited 1 branch of the dungeon, and saw 5 of its levels.

You collected 164 gold pieces.

Inventory:

Hand Weapons
 a - a +0 hand axe
 k - a +0 war axe (weapon)
 m - a +1 morningstar of protection
Missiles
 e - 2 poisoned darts (quivered)
Armour
 n - a +0 chain mail (worn)
 p - a +0 pair of gloves (worn)
Jewellery
 b - a ring of flight
 d - a ring of poison resistance (left hand)
Wands
 o - a wand of charming (4)
Potions
 f - a potion of haste
 g - a potion of heal wounds
 h - a potion of lignification {unknown}
 i - 2 potions of invisibility
 j - 2 potions of mutation
 l - a potion of resistance {unknown}


   Skills:
 + Level 5.6 Fighting
 + Level 5.6 Axes
 + Level 2.9 Throwing
 + Level 5.0 Armour
 - Level 2.2 Dodging


You had 5 spell levels left.
You didn't know any spells.
Your spell library contained the following spells:

 Spells                   Type           Power      Damage    Failure   Level
 Tukima's Dance           Hex            0%         N/A       100%        3
 Passage of Golubria      Tloc           0%         N/A       100%        4
 Yara's Violent Unravell  Hex/Tmut       0%         3d3       100%        5


Dungeon Overview and Level Annotations

Branches:
Dungeon (5/15)
 Temple: D:4-7

Altars:


Innate Abilities, Weirdness & Mutations

You have a pair of horns on your head.
You reflexively headbutt those who attack you in melee.


Message History

Trog accepts your kill. The orc closely misses you. The orc closely misses you.
Things that are here:
a +0 trident; an orc corpse You slash the orc!
You kill the orc!
Trog accepts your kill.
The kobold throws a stone.
The stone hits you but does no damage.
The kobold brigand hits you with a +0 dagger.
You hit the kobold brigand.
The kobold brigand is lightly wounded.
The kobold brigand barely misses you.
You miss the kobold brigand. You headbutt the kobold brigand!
The kobold brigand is heavily wounded.
The kobold brigand hits you but does no damage.
You miss the kobold brigand.
The kobold brigand is heavily wounded.
The kobold brigand hits you with a +0 dagger.
You slash the kobold brigand!
You kill the kobold brigand!
Trog accepts your kill. The kobold barely misses you.
Your Armour skill increases to level 5!
You closely miss the kobold.
The orc priest mumbles some strange prayers to Beogh against you.
Beogh smites you!
* * * LOW HITPOINT WARNING * * *
The kobold hits you but does no damage.
You hit the kobold. Your headbutt misses the kobold.
The kobold is moderately wounded.
The kobold barely misses you. You furiously retaliate!
You headbutt the kobold.
You kill the kobold!
Trog accepts your kill. The orc hits you but does no damage.
The orc priest completely misses you.
Items here: (( ))) †††.
You closely miss the orc. You hit the orc priest. The orc closely misses you.
The orc priest mumbles some strange prayers to Beogh against you.
Beogh smites you!
You die...

##### ... #.#
#.# #.# #.#
#)# ...
#####@#
#...###
#...oo#
......#
#.#####
##.##.#### #.#
.........# #o#
.#.##.##.###o#
......K..o...#
.....K##.#####
..K......#


You could see an orc priest and an orc.

Vanquished Creatures
  An ogre (D:3)
  A phantom (D:5)
  A kobold brigand (D:4)
  A hound (D:4)
  An orc priest (D:3)
  Ijyb (D:3)
  3 adders
  3 dart slugs
  2 worms
  9 orcs
  8 ball pythons
  10 endoplasms
  4 giant cockroaches
  3 goblins
  12 hobgoblins
  7 jackals (D:3)
  5 quokkas
  6 bats
  3 frilled lizards
  10 kobolds
  8 rats
99 creatures vanquished.

Notes
Turn   | Place    | Note
-------+----------+-------------------------------------------
     0 | D:1      | Powssss the Minotaur Berserker began the quest for the Orb.
     0 | D:1      | Reached XP level 1. HP: 19/19 MP: 0/0
   189 | D:1      | Reached XP level 2. HP: 27/27 MP: 1/1
   304 | D:1      | Found a faded altar of an unknown god.
   465 | D:1      | Reached XP level 3. HP: 11/33 MP: 2/2
   574 | D:1      | Reached ** piety under Trog
  1071 | D:2      | Reached XP level 4. HP: 39/41 MP: 3/3
  1180 | D:2      | Reached skill level 1 in Throwing
  1553 | D:3      | Noticed an ogre
  1560 | D:3      | Killed an ogre
  1561 | D:3      | Reached skill level 5 in Fighting
  1561 | D:3      | Reached skill level 5 in Axes
  1561 | D:3      | Reached XP level 5. HP: 40/48 MP: 4/4
  1610 | D:3      | Reached *** piety under Trog
  2266 | D:3      | Noticed Ijyb
  2292 | D:3      | Killed Ijyb
  2608 | D:4      | Reached XP level 6. HP: 56/56 MP: 5/5
  2957 | D:5      | Entered Level 5 of the Dungeon
  3009 | D:4      | Reached skill level 5 in Armour
  3009 | D:4      | HP: 2/57 [orc priest/divine providence (17)]
  3012 | D:4      | Killed from afar by an orc priest

Illustrated notes

Levels and vault maps discovered:
D:1:      minmay_arrival_up_and_down, layout_loops_cross,
          shapermc_ecumenical_altar_mp_ritualfount
D:2:      layout_basic, skrybe_limestone_x
D:3:      layout_basic, uniq_ijyb
D:4:      corexii_shantytown, layout_loops_corners, minmay_fountain_box,
          corexii_item_surrounded_by_moat
D:5:      layout_rooms, minmay_temple_entry_offerings,
          gammafunk_ghost_nasty_kobolds, dreamdust_princess_corridor,
          supply_closet_lemuel

Skill      XL: |  1  2  3  4  5  6 |
---------------+-------------------+-----
Axes           | 4 5 |  5.6
Fighting       | 4 5 |  5.6
Armour         | 3 4 5 |  5.0
Throwing       | 1 2 |  2.9
Dodging        | |  2.2

Action                     |  1- 3 |  4- 6 || total
---------------------------+-------+-------++-------
  Melee: Hand axe          |   125 |    37 ||   162
         Headbutt          |    14 |    17 ||    31
         Punch             |     1 |     1 ||     2
         War axe           |       |    83 ||    83
    Use: Scroll            |     2 |     3 ||     5
 Armour: Ring mail         |    35 |    19 ||    54
         Animal skin       |     1 |       ||     1
         Chain mail        |       |    38 ||    38
  Dodge: Dodged            |    79 |    78 ||   157
